 Dungeon Crawl Stone Soup version 0.28-a0-750-g7c675f85b1 (console) character file.

Game seed: 2490985476203619505

431 petzl the Vexing (level 6, -2/41 HPs)
             Began as an Octopode Arcane Marksman on Oct 29, 2021.
             Slain by a sky beast (6 damage)
             ... on level 6 of the Dungeon.
             The game lasted 00:21:49 (5675 turns).

petzl the Vexing (Octopode Arcane Marksman)         Turns: 5675, Time: 00:21:49

Health: -2/41      AC:  2    Str: 10    XL:     6   Next: 99%
Magic:  20/20      EV: 18    Int: 17    God:
Gold:   73         SH:  0    Dex: 20    Spells: 6/12 levels left

rFire   . . .      SeeInvis .   b - +4 mace of Wealth {venom, rC+ Dex+8}
rCold   + . .      Faith    .   (no shield)
rNeg    . . .      Spirit   .   u - +1 hat
rPois   .          Reflect  .   (no amulet)
rElec   .          Harm     .   o - ring of magical power
rCorr   .          Rampage  .   y - +4 ring of evasion
Will    .....                   (no ring)
Stlth   ++++......              (no ring)
HPRegen 0.13/turn               (no ring)
MPRegen 0.17/turn               (no ring)
                                (no ring)
                                (no ring)

@: no status effects
A: almost no armour, amphibious, 8 rings, camouflage 1, gelatinous body 1,
(nimble swimmer 1), tentacles
a: no special abilities


You were on level 6 of the Dungeon.
You visited 1 branch of the dungeon, and saw 7 of its levels.

You collected 334 gold pieces.
You spent 261 gold pieces at shops.

Inventory:

Hand Weapons
 a - a +0 hand crossbow
 b - the +4 mace of Wealth (weapon) {venom, rC+ Dex+8}
   (You bought it in a shop on level 5 of the Dungeon)

   It poisons the flesh of those it strikes.
   Dex:       It affects your dexterity (+8).
   rC:        It protects you from cold.
 c - a +0 dagger of draining {!f =f}
 i - a +0 dagger of protection {!f =f}
Missiles
 d - 53 poisoned darts (quivered)
 t - 2 throwing nets
 A - 58 bolts
Armour
 u - a +1 hat (worn)
Jewellery
 o - a ring of magical power (left tentacle)
 y - a +4 ring of evasion (right tentacle)
Wands
 p - a wand of acid (9)
 q - a wand of paralysis (3)
Scrolls
 j - a scroll of enchant armour {unknown}
 k - a scroll of immolation {unknown}
 m - 2 scrolls of identify {unknown}
 r - a scroll of enchant weapon {unknown}
 s - a scroll of noise {unknown}
 v - a scroll of magic mapping {unknown}
 w - a scroll of fear {unknown}
Potions
 e - 2 potions of berserk rage {unknown}
 f - a potion of mutation {unknown}
 g - a potion of heal wounds {unknown}
 h - 4 potions of curing {unknown}
 l - a potion of flight {unknown}
 n - a potion of resistance {unknown}
 x - a potion of degeneration
 z - a potion of haste {unknown}
 B - a potion of brilliance {unknown}


   Skills:
 + Level 2.4 Fighting
 + Level 3.0 Crossbows
 + Level 3.1 Dodging
 + Level 3.0 Stealth
 * Level 3.5 Spellcasting
 + Level 3.8 Hexes
 + Level 0.0 Translocations
 + Level 1.7 Evocations


You had 6 spell levels left.
You knew the following spells:

 Your Spells              Type           Power      Damage    Failure   Level
a - Slow                  Hex            64%        N/A       3%          1
b - Cause Fear            Hex            8%         N/A       34%         4
c - Apportation           Tloc           6%         N/A       16%         1

Your spell library contained the following spells:

 Spells                   Type           Power      Damage    Failure   Level
 Animate Skeleton         Necr           6%         N/A       17%         1
 Summon Small Mammal      Summ           12%        N/A       17%         1
 Inner Flame              Hex/Fire       9%         N/A       22%         3
 Portal Projectile        Hex/Tloc       18%        N/A       22%         3
 Corpse Rot               Necr/Air       6%         N/A       26%         2
 Dispel Undead            Necr           3%         3d7       86%         4
 Ice Form                 Ice/Tmut       3%         N/A       86%         4
 Summon Mana Viper        Hex/Summ       9%         N/A       91%         5
 Blade Hands              Tmut           1%         N/A       99%         5
 Irradiate                Conj/Tmut      1%         3d13      99%         5
 Summon Forest            Summ/Tloc      1%         N/A       99%         5
 Death Channel            Necr           1%         N/A       100%        6
 Dragon Form              Tmut           1%         N/A       100%        7


Dungeon Overview and Level Annotations

Branches:
Dungeon (7/15)
 Temple: D:4-7

Altars:
Sif Muna
Trog
Wu Jian
Yredelemnul

Shops:
D:4 *   D:5 :(   D:6 [

Annotations:
D:3 exclusion: 2 downstairs
D:4 exclusions: black bear and necrophage, Robin
D:5 exclusion: necrophage, Edmund
D:6 2 transporters, exclusion: downstairs, OstrichLN's ghost, amateur FeFE


Innate Abilities, Weirdness & Mutations

You cannot wear most types of armour.
You are amphibious.
You can wear up to eight rings at the same time.
Your skin changes colour to match your surroundings (Stealth+).
Your rubbery body absorbs attacks. (AC +1, EV +1)
((You are camouflaged near water. (Stealth+)))
You have tentacles for arms and can constrict up to eight enemies at once.


Message History

Found a stone staircase leading down.
d - 53 poisoned darts (gained 12)
There is a stone staircase leading down here.
The adder misses you.
You hit the adder.
The adder is poisoned.
You grab the adder.
The adder is moderately wounded.
You constrict the adder. The adder misses you.
You hit the adder.
The adder looks as sick as possible!
You squeeze the adder.
The adder is almost dead.
You constrict the adder.
You kill the adder!
You see here an adder corpse.
You open the door.
A sky beast and a centaur come into view.
The sky beast flickers out of sight!
Deactivating autopickup; reactivate with Ctrl-A.
A bullfrog and a steam dragon come into view.
There is an open door here.
The bullfrog croaks.
The centaur wields a +0 shortbow.
The centaur shoots an arrow.
The arrow hits you!
The centaur unwields a +0 shortbow.
The centaur barely misses you. x2
Something barely misses you. The centaur misses you.
The centaur completely misses you.
You barely miss the centaur.
The steam dragon hisses angrily.
You squeeze the centaur.
The centaur is lightly wounded.
The bullfrog closely misses you. The centaur hits you.
The centaur barely misses you. Something barely misses you.
The bullfrog barely misses you. The centaur barely misses you.
The centaur misses you.
You hit the centaur.
The centaur is poisoned.
You squeeze the centaur.
The centaur is heavily wounded.
The bullfrog hits you but does no damage.
The centaur misses you. The centaur kicks you. Something hits you.
Something shocks you. The bullfrog hits you. The centaur hits you.
* * * LOW HITPOINT WARNING * * *
The centaur barely misses you. Something hits you.
* * * LOW HITPOINT WARNING * * *
Something shocks you.
You die...

#.......# ##.#####.# ...##
#.# ....# #.# ###.# #.# #.#
#.# #.# #.# #.# #.# #.# #.#
#.# #.# ..D.# #.# #.# ....#
###.####.# #....# ......##.#
##....### ###.#.##.#
#.......# #......# #..D....#
#####..############.......###
..................'.......'..
######†.###########..F....#
##.## #..@c...# #..#
#.####### ##.# #.# #.## #.#
#..## #.# ######..########.#
##.......(.....##.#
#..(....©.......#.
#...#########...#
#..##8.....8##..#
#..#........©#..#
#..#.........#..#
#..#.........#..#
#..#....©...?#..#
#..#.........#..#
#..#5........#..#
#..#zW.......#..#
#..##8SJ?$.8##..#
#...#########...#


You could see a steam dragon, a bullfrog and a centaur (very poisoned).

Vanquished Creatures
  A water moccasin (D:6)
  A wight (D:6)
  2 hounds
  Ijyb (D:3)
  2 iguanas
  4 adders
  A howler monkey skeleton (D:7)
  2 worms
  A dart slug (D:2)
  3 orcs
  10 endoplasms
  2 giant cockroaches
  9 goblins
  6 hobgoblins
  9 jackals
  10 kobolds
  2 quokkas
  5 ball pythons
  5 bats
  6 frilled lizards
  5 rats
87 creatures vanquished.

Notes
Turn   | Place    | Note
-------+----------+-------------------------------------------
     0 | D:1      | petzl the Octopode Arcane Marksman began the quest for the
                  | Orb.
     0 | D:1      | Reached XP level 1. HP: 13/13 MP: 2/2
     3 | D:1      | Noticed a felid
     3 | D:1      | Noticed a gargoyle
     5 | D:1      | Noticed a naga
     5 | D:1      | Noticed a vine stalker
     7 | D:1      | Noticed an octopode
     9 | D:1      | Noticed a tengu
     9 | D:1      | Noticed a troll
    11 | D:1      | Noticed a draconian
    13 | D:1      | Noticed an elf
    13 | D:1      | Noticed a merfolk
    15 | D:1      | Noticed a human
    17 | D:1      | Noticed a formicid
    17 | D:1      | Noticed a ghoul
    19 | D:1      | Noticed a minotaur
    19 | D:1      | Noticed a spriggan
    21 | D:1      | Noticed a demonspawn
    23 | D:1      | Noticed a vampire
    25 | D:1      | Noticed a demigod
    25 | D:1      | Noticed a dwarf
    27 | D:1      | Noticed an ogre
   431 | D:1      | Reached XP level 2. HP: 10/16 MP: 3/3
  1021 | D:1      | Got Sif Muna's Papyrus of Shifting Creation
  1244 | D:2      | Reached skill level 1 in Stealth
  1344 | D:2      | Reached XP level 3. HP: 23/23 MP: 5/5
  1457 | D:2      | Found an ornate altar of the Wu Jian Council.
  1659 | D:2      | Reached XP level 4. HP: 10/28 MP: 7/7
  2186 | D:3      | Found a shimmering blue altar of Sif Muna.
  2186 | D:3      | Found a basalt altar of Yredelemnul.
  2226 | D:3      | Found a bloodstained altar of Trog.
  2411 | D:3      | Learned a level 4 spell: Cause Fear
  2480 | D:3      | Noticed Ijyb
  2492 | D:3      | Paralysed by Ijyb for 5 turns
  2500 | D:3      | Killed Ijyb
  2613 | D:4      | Noticed Robin
  2684 | D:3      | Reached XP level 5. HP: 28/33 MP: 8/8
  3356 | D:4      | Noticed a black bear
  3490 | D:5      | Entered Level 5 of the Dungeon
  3493 | D:5      | Found Boriul's Antique Weapon Emporium.
  3544 | D:4      | Found Saimn's CLEARANCE SALE!.
  3551 | D:4      | Bought a potion of degeneration for 5 gold pieces
  3589 | D:4      | Noticed a necrophage
  4042 | D:4      | Reached skill level 1 in Evocations
  4432 | D:5      | Reached XP level 6. HP: 34/39 MP: 10/10
  4857 | D:6      | Found Pellasm's Armour Emporium.
  4977 | D:7      | Noticed a water moccasin
  4983 | D:7      | Noticed a water moccasin
  4997 | D:6      | Killed a water moccasin
  5039 | D:6      | Found a transporter.
  5039 | D:6      | Noticed OstrichLN's ghost (amateur FeFE)
  5039 | D:6      | Noticed a water moccasin
  5042 | D:6      | Found a transporter.
  5145 | D:5      | Bought a bloodstained mace for 256 gold pieces
  5145 | D:5      | Identified the +4 mace of Wealth {venom, rC+ Dex+8} (You
                  | bought it in a shop on level 5 of the Dungeon)
  5196 | D:5      | Noticed Edmund
  5325 | D:5      | Noticed a necrophage
  5427 | D:5      | Found Getoc's Book Boutique.
  5489 | D:5      | Learned a level 1 spell: Apportation
  5669 | D:6      | Noticed a sky beast
  5670 | D:6      | Noticed a steam dragon
  5675 | D:6      | Slain by a sky beast

Illustrated notes

Levels and vault maps discovered:
D:1:      kb_arrival_jail, layout_basic, supply_closet_lemuel
D:2:      layout_rooms, basic_altar, minmay_hexomino_f4
D:3:      layout_basic, trog_butcher_becter, mainiacjoe_overflow_divided_tiny,
          minmay_close_crescents, uniq_ijyb
D:4:      layout_basic, nicolae_shop_clearance, uniq_robin
D:5:      layout_cave_pools, serial_shops, shop, nicolae_shop_statue_plus,
          uniq_edmund
D:6:      layout_basic, gammafunk_ghost_arena, serial_shops,
          nicolae_shop_crystal, uniq_blork_the_orc
D:7:      layout_cave_pods, minmay_temple_entry_large_hall,
          chequers_serial_rivers_micro_c, doesnt_shop_hydraphobe

Skill      XL: |  1  2  3  4  5  6 |
---------------+-------------------+-----
Stealth        | 1 2 3 |  3.0
Spellcasting   | 2 3 |  3.5
Evocations     | 1 |  1.7
Fighting       | 2 |  2.4
Crossbows      | 3 |  3.0
Dodging        | 3 |  3.1
Hexes          | |  3.8

Action                   |  1- 3 |  4- 6 || total
-------------------------+-------+-------++-------
Melee: Dagger            |    65 |   123 ||   188
       Constrict         |    17 |    29 ||    46
       Tentacles         |    13 |    23 ||    36
       Mace              |       |     6 ||     6
 Fire: Hand crossbow     |     8 |     8 ||    16
Evoke: Wand              |       |     1 ||     1
 Stab: Sleeping          |     4 |     8 ||    12
       Distracted        |       |     1 ||     1
       Paralysed         |       |     3 ||     3
Armor: Skin              |     4 |     9 ||    13
Dodge: Dodged            |    34 |   101 ||   135

Table legend: (Time is in decaauts)
 A = Elapsed time spent in this place.
 B = Non-inter-level travel time spent in this place.
 C = Inter-level travel time spent in this place.
 D = Time resting spent in this place.
 E = Time spent auto-exploring this place.
 F = Levels seen in this place.
 G = Mean time per level.
                   A        B        C        D        E       F      G
               +--------+--------+--------+--------+--------+-----+--------+
         Total |   5689 |   5232 |    457 |   1021 |   2464 |   7 |  812.7 |
       Dungeon |   5689 |   5232 |    457 |   1021 |   2464 |   7 |  812.7 |
               +--------+--------+--------+--------+--------+-----+--------+

Top non-repeatable levels by time:
     D:4: 1315 daAuts
     D:1: 1229 daAuts
     D:3: 1128 daAuts
     D:2: 930 daAuts
     D:5: 696 daAuts
     D:6: 354 daAuts
     D:7: 36 daAuts
